Map: Prion Terraces

Players

MarineLorD - Winner!

  • Race: Terran Terran
  • League: Platinum

LiquidMaNa (MaNa)

  • Race: Protoss Protoss
  • League: Grandmaster

Event: Homestory Cup XII

VOD

Have the link to the VOD?

Description

Time

  • Played on: Dec. 17, 2015, 8:57 a.m.
  • Length: 17:10

All games in this series

Show
View Real Time Build Order
Export as new Build Order

MarineLorD Terran - Winner!

Build Orders: Reaper Expand 

Get SALT Encoding   

  12  0:00  SCV  
  13  0:13  SCV  
  14  0:17  Supply Depot  
  14  0:25  SCV  
  15  0:39  SCV  
  15  0:41  Barracks  
  16  0:46  Refinery  
  16  0:51  SCV  
  17  1:03  SCV  
  18  1:15  SCV  
  19  1:28  Orbital Command  
  19  1:30  Reaper  
  20  1:41  Command Center  
  20  1:50  Supply Depot  
  20  1:54  SCV  
  21  2:02  Barracks Reactor  
  21  2:06  SCV  
  22  2:18  SCV  
  23  2:24  Factory  
  23  2:30  SCV, Refinery  
  24  2:40  Marine x2  
  24  2:43  SCV  
  27  2:55  SCV, Orbital Command  
  27  2:58  Marine x2  
  30  3:07  SCV  
  30  3:08  Widow Mine  
  30  3:10  Starport  
  33  3:16  Marine x2  
  33  3:19  SCV  
  36  3:22  SCV  
  36  3:24  Supply Depot  
  37  3:31  SCV  
  37  3:33  Marine  
  37  3:34  Marine  
  39  3:36  SCV  
  39  3:37  Factory Tech Lab  
  40  3:43  SCV  
  40  3:48  Supply Depot, SCV  
  42  3:49  Medivac  
  42  3:51  Marine x2  
  42  3:55  SCV  
  47  3:58  Bunker  
  47  3:59  Cyclone  
  47  4:00  SCV  
  51  4:06  Liberator  
  51  4:07  SCV  
  52  4:12  SCV, Marine x2  
  55  4:19  SCV  
  55  4:22  Refinery  
  55  4:23  Supply Depot  
  59  4:26  SCV  
  59  4:30  Marine x2  
  62  4:35  Supply Depot  
  62  4:38  Supply Depot  
  62  4:39  Supply Depot  
  62  4:45  SCV x2  
  64  4:47  Siege Tank  
  64  4:52  Supply Depot  
  67  4:57  SCV x2  
  69  5:04  Marine x2  
  69  5:06  Liberator  
  69  5:09  SCV x2  
  71  5:20  Siege Tank  
  72  5:21  SCV x2  
  72  5:24  Marine x2  
  75  5:32  Command Center  
  75  5:33  SCV x2  
  77  5:41  Refinery  
  77  5:42  Marine x2  
  79  5:43  Engineering Bay  
  79  5:45  SCV x2  
  79  5:52  Siege Tank  
  82  5:57  SCV x2  
  82  6:00  Marine x2  
  82  6:03  Supply Depot  
  82  6:04  Barracks x2  
  86  6:10  SCV x2  
  88  6:13  Medivac  
  87  6:21  Terran Infantry Weapons Level 1, Barracks  
  87  6:22  Barracks  
  87  6:24  Siege Tank  
  87  6:25  Marine  
  90  6:28  Liberator  
  90  6:32  SCV x2  
  93  6:35  Supply Depot x2  
  93  6:36  Marine  
  94  6:44  SCV  
  94  6:46  Orbital Command  
  97  6:56  SCV, Siege Tank  
  97  6:57  SCV  
  97  7:00  Marine x2  
  104  7:07  Barracks Tech Lab x2  
  104  7:09  SCV  
  104  7:13  Armory, Engineering Bay  
  105  7:17  Barracks Reactor, Barracks Tech Lab, Orbital Command  
  105  7:24  Liberator  
  105  7:31  Marauder x2, Marine x2  
  105  7:32  Combat Shields  
  105  7:33  Stimpack  
  111  7:43  SCV  
  111  7:44  SCV x2  
  117  7:49  Marauder  
  119  7:56  SCV, Marauder, Marine x2  
  119  7:57  Marine, Marauder  
  119  7:58  SCV  
  128  8:01  Refinery  
  128  8:05  Refinery  
  128  8:07  SCV  
  128  8:08  Terran Infantry Armor Level 1  
  128  8:11  Marauder  
  128  8:12  Marine  
  132  8:17  Marine  
  132  8:18  Marauder  
  132  8:19  Marine, Marauder  
  133  8:26  Marine  
  133  8:27  Liberator  
  133  8:31  Marine  
  133  8:32  Marauder  
  133  8:33  SCV  
  116  8:34  Marine  
  116  8:37  Marine  
  116  8:39  Marauder  
  116  8:40  Marauder  
  107  8:44  Marine  
  68  9:29  Orbital Command  
  66  9:31  Orbital Command  
  66  9:44  Marine  
  66  9:53  Marine x2  
  66  9:57  Marine  
  64  10:04  Marine  
  64  10:08  Marine  
  64  10:13  Marine  
  44  10:23  Medivac  
  45  10:29  Marine  
  43  10:37  SCV x2  
  42  10:43  SCV  
  42  10:49  SCV  
  44  10:50  SCV  
  44  10:52  Marine  
  44  10:53  Marine  
  44  10:55  SCV  
  47  11:01  SCV, Marine x3  
  47  11:02  SCV  
  47  11:03  Marauder  
  51  11:04  Marine  
  51  11:07  SCV  
  53  11:12  Marine  
  53  11:13  SCV, Marine  
  53  11:14  SCV  
  53  11:15  Medivac  
  59  11:18  Marine x2  
  59  11:19  Marine  
  59  11:20  SCV  
  59  11:22  Marine  
  59  11:24  Marine  
  65  11:25  SCV  
  65  11:26  SCV  
  65  11:32  SCV  
  68  11:33  Marine  
  68  11:37  Marauder  
  68  11:38  SCV  
  68  11:39  SCV, Marine x2  
  75  11:40  Marauder, Marine  
  75  11:42  Marine  
  75  11:44  SCV  
  75  11:45  Medivac  
  79  11:49  Concussive Shells  
  79  11:50  SCV, Marine  
  79  11:51  SCV  
  78  11:56  SCV  
  78  11:57  Liberator, Marine x2  
  78  11:58  Marine x2  
  70  12:02  SCV  
  70  12:03  SCV  
  70  12:04  Marauder  
  72  12:13  Marine  
  72  12:15  SCV  
  77  12:17  SCV x2  
  77  12:20  Marauder  
  77  12:22  Marine  
  82  12:24  Marauder  
  82  12:27  Marine  
  85  12:30  Marine  
  85  12:32  SCV x2  
  85  12:34  SCV  
  89  12:40  Liberator  
  89  12:44  SCV x2  
  89  12:47  SCV  
  89  12:49  Marauder  
  95  12:51  Marauder  
  95  12:56  SCV x2  
  100  12:59  SCV  
  100  13:01  Marauder  
  100  13:02  Marine x2  
  100  13:03  Marine  
  104  13:08  SCV  
  104  13:11  Marauder  
  109  13:13  Marauder  
  109  13:15  Marine  
  109  13:17  SCV x2  
  112  13:20  SCV  
  112  13:23  Marauder  
  113  13:27  Marine  
  113  13:28  Marine  
  113  13:29  Marine  
  113  13:32  Marine, Marauder  
  117  13:34  Marauder  
  112  13:44  Marauder  
  112  13:45  Marine  
  112  13:46  Marine  
  112  13:48  Marine  
  117  13:49  Medivac  
  117  13:50  Marine  
  117  13:51  Siege Tank  
  117  13:53  Terran Infantry Weapons Level 2  
  117  13:54  Marauder  
  127  13:55  Marauder  
  127  14:03  Marine  
  127  14:04  Marine  
  127  14:06  Marine, Marauder  
  127  14:08  Marine  
  129  14:15  Marauder  
  131  14:17  Marauder  
  131  14:19  Medivac, Terran Infantry Armor Level 2  
  133  14:24  Supply Depot  
  133  14:25  Supply Depot  
  133  14:32  Liberator  
  133  14:45  Marauder, Marine x5  
  140  14:46  Marauder  
  140  15:03  Marauder, Marine x4  
  140  15:06  Marine  
  143  15:07  Marauder  
  143  15:09  Siege Tank  
  143  15:12  Orbital Command  
  143  15:15  Liberator  
  143  15:17  Barracks  
  143  15:19  Barracks  
  143  15:20  Marine x4  
  145  15:24  Marauder x2  
  151  15:32  Supply Depot  
  154  15:38  Supply Depot x2  
  154  15:39  Marine  
  155  15:43  Marine  
  156  15:50  Marauder  
  156  15:51  SCV, Supply Depot  
  156  15:53  Siege Tank  
  156  15:56  Marauder  
  162  16:03  Marauder, Marine  
  165  16:08  Marine x2  
  167  16:11  Marauder  
  167  16:16  Refinery  
  167  16:17  Marauder, Marine  
  172  16:29  Marauder, Marine  
  172  16:30  Marine  
  176  16:36  Marine, Marauder  
  157  16:40  Marine x2  
  157  16:47  Marine  
  134  16:48  Marine  
  129  16:50  Marine  
Show
View Real Time Build Order
Export as new Build Order

LiquidMaNa Protoss 

Build Orders: 1 Gate Expand, Blink Stalkers 

Get SALT Encoding   

  12  0:00  Probe (Chrono Boost)  
  13  0:11  Probe (Chrono Boost)  
  14  0:18  Pylon  
  14  0:22  Probe (Chrono Boost)  
  15  0:36  Gateway, Probe (Chrono Boost)  
  16  0:47  Probe (Chrono Boost)  
  17  0:57  Probe (Chrono Boost)  
  18  1:10  Nexus  
  18  1:16  Assimilator  
  18  1:19  Probe (Chrono Boost)  
  19  1:28  Cybernetics Core  
  19  1:32  Probe (Chrono Boost)  
  20  1:38  Assimilator  
  20  1:42  Probe (Chrono Boost)  
  21  1:48  Pylon  
  21  1:53  Probe (Chrono Boost)  
  22  2:03  Probe (Chrono Boost)  
  22  2:06  Stalker (Chrono Boost)  
  25  2:12  Warp Gate  
  25  2:15  Probe  
  25  2:21  Probe  
  26  2:27  Probe  
  27  2:34  Probe (Chrono Boost)  
  27  2:37  Adept (Chrono Boost)  
  30  2:39  Mothership Core (Chrono Boost)  
  32  2:46  Probe (Chrono Boost)  
  32  2:47  Assimilator  
  33  2:55  Twilight Council  
  33  2:57  Probe (Chrono Boost)  
  33  2:58  Probe (Chrono Boost)  
  35  3:07  Probe (Chrono Boost)  
  35  3:09  Probe (Chrono Boost)  
  37  3:16  Robotics Facility  
  37  3:18  Probe (Chrono Boost)  
  37  3:19  Probe (Chrono Boost)  
  39  3:25  Blink (Chrono Boost)  
  39  3:27  Pylon  
  39  3:29  Probe (Chrono Boost)  
  39  3:30  Probe (Chrono Boost)  
  41  3:38  Probe  
  41  3:41  Probe  
  43  3:48  Probe  
  43  3:53  Probe  
  43  3:54  Gateway  
  45  3:57  Gateway  
  45  3:59  Probe  
  46  4:07  Pylon  
  46  4:10  Probe  
  46  4:11  Probe  
  46  4:13  Observer (Chrono Boost)  
  46  4:17  Sentry  
  51  4:20  Pylon  
  51  4:22  Probe  
  51  4:23  Probe  
  53  4:25  Assimilator  
  53  4:34  Observer (Chrono Boost)  
  54  4:39  Probe x2  
  54  4:41  Pylon  
  56  4:50  Stalker x2  
  56  4:51  Probe  
  61  4:53  Stalker  
  61  5:05  Probe  
  58  5:14  Probe  
  58  5:15  Observer (Chrono Boost)  
  58  5:17  Probe  
  58  5:19  Stalker x3  
  63  5:26  Probe  
  64  5:29  Probe  
  64  5:34  Observer (Chrono Boost)  
  66  5:38  Forge  
  66  5:39  Probe  
  66  5:40  Forge  
  66  5:48  Nexus  
  64  5:50  Stalker x3, Pylon  
  64  5:54  Probe x2  
  70  6:06  Probe x2  
  70  6:07  Protoss Ground Armor Level 1 (Chrono Boost)  
  70  6:08  Pylon  
  72  6:13  Protoss Ground Weapons Level 1 (Chrono Boost), Pylon  
  72  6:18  Probe x2  
  74  6:19  Resonating Glaives (Chrono Boost)  
  74  6:25  Pylon  
  74  6:26  Sentry x3  
  74  6:30  Probe x2  
  81  6:40  Gateway  
  81  6:42  Probe x2  
  81  6:44  Warp Prism  
  85  6:54  Probe x2  
  85  6:59  Adept x2  
  90  7:10  Gateway  
  90  7:13  Gateway  
  90  7:15  Adept  
  90  7:17  Gateway  
  90  7:18  Pylon  
  90  7:20  Adept  
  94  7:27  Photon Cannon  
  94  7:30  Photon Cannon  
  94  7:33  Pylon  
  94  7:35  Immortal  
  93  7:37  Adept x2  
  101  7:44  Probe x2  
  101  7:50  Adept x2  
  107  7:56  Robotics Bay  
  107  7:59  Protoss Ground Weapons Level 2 (Chrono Boost)  
  107  8:05  Robotics Facility  
  107  8:09  Protoss Ground Armor Level 2 (Chrono Boost)  
  107  8:17  Adept x3  
  107  8:18  Adept  
  115  8:33  Adept x2  
  117  8:39  Adept  
  117  8:43  Pylon x2  
  117  8:50  Disruptor  
  110  8:59  Adept  
  105  9:03  Pylon  
  105  9:05  Pylon  
  105  9:07  Pylon  
  105  9:09  Pylon  
  98  9:10  Adept x2  
  98  9:16  Stalker x3  
  102  9:21  Stalker  
  102  9:24  Immortal  
  94  9:28  Adept  
  83  9:33  Adept  
  83  9:34  Adept  
  87  9:40  Adept x3  
  91  9:49  Adept  
  82  10:00  Adept  
  82  10:02  Adept  
  56  10:14  Adept  
  54  10:24  Stalker, Pylon  
  50  10:36  Stalker  
  50  10:38  Pylon  
  51  10:49  Stalker x3  
  57  10:56  Mothership Core (Chrono Boost)  
  59  11:03  Nexus  
  57  11:09  Adept  
  59  11:13  Adept x2  
  63  11:25  Immortal (Chrono Boost)  
  67  11:31  Stalker  
  68  11:37  Stalker  
  70  11:43  Stalker  
  72  11:49  Adept  
  72  11:54  Probe  
  72  11:57  Probe  
  66  12:08  Immortal (Chrono Boost)  
  70  12:12  Sentry  
  72  12:17  Sentry  
  74  12:27  Pylon  
  74  12:32  Adept  
  74  12:34  Adept  
  78  12:43  Observer (Chrono Boost), Pylon  
  79  12:51  Assimilator  
  79  12:52  Assimilator  
  77  13:02  Adept x2  
  77  13:03  Adept x2  
  85  13:09  Immortal (Chrono Boost)  
  89  13:23  Adept x2  
  89  13:24  Adept x2  
  89  13:28  Adept x2  
  91  13:39  Pylon  
  89  13:46  Immortal (Chrono Boost)  
  88  14:06  Nexus  
  82  14:18  Stalker  
  82  14:19  Stalker  
  85  14:42  Stalker  
  87  14:51  Probe  
  86  14:53  Probe  
  82  15:07  Stalker  
  84  15:17  Observer (Chrono Boost)  
  84  15:18  Stalker  
  87  15:26  Pylon  
  87  15:31  Stalker  
  87  15:34  Pylon  
  89  15:40  Observer (Chrono Boost)  
  89  15:41  Stalker  
  92  15:48  Stalker x2  
  96  15:55  Dark Shrine  
  96  16:05  Adept x2  
  99  16:15  Immortal (Chrono Boost)  
  101  16:27  Adept  
  101  16:28  Adept x3  
Tags
 
Add a new tag
Caveats
  • Supply blocks, unpowered buildings, or Contaminate may cause inaccurate times.
  • Supply counts are checked every 10 seconds.